 Dungeon Crawl Stone Soup version 0.29-a0-2-g12fcac58f8 (webtiles) character file.

Game seed: 4791432688691557477

104 Pin the Skirmisher (level 4, -5/41 HPs)
             Began as a Hill Orc Fighter on Jan 27, 2022.
             Slain by a gnoll (7 damage)
             ... on level 2 of the Dungeon.
             The game lasted 00:02:58 (1605 turns).

Pin the Skirmisher (Hill Orc Fighter)               Turns: 1605, Time: 00:02:58

Health: -5/41      AC:  7    Str: 20    XL:     4   Next: 80%
Magic:  4/4        EV:  9    Int:  8    God:
Gold:   77         SH:  4    Dex: 10    Spells: 3/3 levels left

rFire   . . .      SeeInvis .   a - +0 war axe
rCold   . . .      Faith    .   c - +0 buckler
rNeg    . . .      Spirit   .   b - +0 scale mail
rPois   .          Reflect  .   (no helmet)
rElec   .          Harm     .   (no cloak)
rCorr   .          Rampage  .   (no gloves)
Will    .....                   (no boots)
Stlth   ..........              (no amulet)
HPRegen 0.13/turn               (no ring)
MPRegen 0.09/turn               (no ring)

@: no status effects
A: no striking features
a: no special abilities


You were on level 2 of the Dungeon.
You visited 1 branch of the dungeon, and saw 2 of its levels.

You collected 77 gold pieces.

Inventory:

Hand Weapons
 a - a +0 war axe (weapon)
Armour
 b - a +0 scale mail (worn)
 c - a +0 buckler (worn)
Jewellery
 e - a ring of positive energy
Scrolls
 f - 3 scrolls of identify {unknown}
 g - a scroll of vulnerability {unknown}
 h - 4 scrolls of fear {unknown}
 l - a scroll of teleportation {unknown}
 m - a scroll of immolation {unknown}
 n - a scroll of amnesia {unknown}
 o - a scroll of noise {unknown}
 q - a scroll of fog {unknown}
Potions
 d - 2 potions of might
 i - a potion of attraction {unknown}
 j - a potion of heal wounds {unknown}
 k - a potion of haste {unknown}
 p - a potion of degeneration {unknown}


   Skills:
 + Level 4.5 Fighting
 + Level 3.8 Axes
 + Level 4.1 Armour
 + Level 4.1 Shields


You had 3 spell levels left.
You didn't know any spells.
Your spell library contained the following spells:

 Spells                   Type           Power      Damage    Failure   Level
 Sandblast                Erth           0%         2d4       85%         1
 Passwall                 Tmut/Erth      0%         N/A       94%         2
 Stone Arrow              Conj/Erth      0%         3d7       99%         3


Dungeon Overview and Level Annotations

Branches:
Dungeon (2/15)

Altars:


Message History

No target in view!
No target in view!
No target in view!
p - a black potion
Found a ring mail.
q - a scroll labelled JODUGE CEHAAJ You see here a +0 ring mail.
Found an escape hatch in the ceiling.
You see here a +0 ring mail.
No target in view!
Key pressed, stopping explore.
No target in view!
There is an escape hatch in the ceiling here.
There is an escape hatch in the ceiling here.
A gnoll comes into view. It is wielding a +0 spear.
The gnoll shouts!
A gnoll comes into view. It is wielding a +0 whip.
A gnoll comes into view. It is wielding a +0 halberd.
The gnoll shouts!
You slash the gnoll!
The gnoll is severely wounded.
The gnoll hits you but does no damage.
You block the gnoll's attack. x2; The gnoll hits you but does no damage.
You barely miss the gnoll. You hit the gnoll.
The gnoll hits you from afar with a +0 halberd!
The gnoll hits you with a +0 whip. The gnoll closely misses you.
The gnoll hits you with a +0 spear! The gnoll hits you but does no damage.
You hit the gnoll but do no damage. You slash the gnoll!
You kill the gnoll!
You barely miss the gnoll. The gnoll hits you with a +0 spear.
* * * LOW HITPOINT WARNING * * *
The gnoll closely misses you. The gnoll hits you with a +0 spear.
* * * LOW HITPOINT WARNING * * *
You slash the gnoll!
The gnoll is heavily wounded.
You hit the gnoll. You block the gnoll's attack.
The gnoll hits you with a +0 spear.
* * * LOW HITPOINT WARNING * * *
The gnoll hits you with a +0 halberd!
You die...

............(....#### ####.
##.............#....# #....
)#.............#.##.....#####..[.
†..##..........#.....>.........##
##.#.......)...##..# #######...#
.#...#........###..# ##.......#
##..###......## #..####..###.#.##
(#..# ###########g..##..###..#..#
##..# #g@).....## #.###.. ...##
.......####..## ##.# ### <###
....### ##.# #..# # .# ...
#.####.## .# . #.##...# .#
#..#.### ## ##...# #####


You could see 2 gnolls.

Vanquished Creatures
  Jessica (D:2)
  A gnoll (D:2)
  An adder (D:2)
  2 worms (D:2)
  A dart slug (D:2)
  8 bats
  3 endoplasms
  A giant cockroach (D:1)
  4 goblins (D:2)
  2 hobgoblins (D:1)
  2 quokkas
  6 ball pythons
  7 frilled lizards
  8 kobolds
  8 rats
55 creatures vanquished.

Notes
Turn   | Place    | Note
-------+----------+-------------------------------------------
     0 | D:1      | Pin the Hill Orc Fighter began the quest for the Orb.
     0 | D:1      | Reached XP level 1. HP: 19/19 MP: 1/1
    86 | D:1      | Reached XP level 2. HP: 21/27 MP: 2/2
   502 | D:1      | Reached XP level 3. HP: 31/33 MP: 3/3
   926 | D:2      | Noticed Jessica
   940 | D:2      | Killed Jessica
   941 | D:2      | Reached XP level 4. HP: 15/40 MP: 4/4
  1605 | D:2      | HP: 2/41 [gnoll (5)]
  1605 | D:2      | Slain by a gnoll

Illustrated notes

Levels and vault maps discovered:
D:1:      zaba_arrival_water, layout_rooms, kennysheep_another_room,
          minmay_unequal
D:2:      cheibrodos_greedy_goblins, layout_rooms, minmay_octomino_e4,
          uniq_jessica

Skill      XL: |  1  2  3  4 |
---------------+-------------+-----
Axes           | 3 |  3.8
Fighting       | 4 |  4.5
Shields        | 4 |  4.1
Armour         | 4 |  4.1

Action                   |  1- 3 |  4- 6 || total
-------------------------+-------+-------++-------
Melee: War axe           |    77 |    57 ||   134
Armor: Scale mail        |    51 |    28 ||    79
Dodge: Dodged            |    55 |    24 ||    79
Block: Buckler           |    17 |    12 ||    29

Table legend: (Time is in decaauts)
 A = Elapsed time spent in this place.
 B = Non-inter-level travel time spent in this place.
 C = Inter-level travel time spent in this place.
 D = Time resting spent in this place.
 E = Time spent auto-exploring this place.
 F = Levels seen in this place.
 G = Mean time per level.
                   A        B        C        D        E       F      G
               +--------+--------+--------+--------+--------+-----+--------+
         Total |   1660 |   1654 |      6 |    280 |   1041 |   2 |  830.0 |
       Dungeon |   1660 |   1654 |      6 |    280 |   1041 |   2 |  830.0 |
               +--------+--------+--------+--------+--------+-----+--------+

Top non-repeatable levels by time:
     D:2: 868 daAuts
     D:1: 791 daAuts
